 Dungeon Crawl Stone Soup version 0.30-a0-1161-g0704695555 (webtiles) character file.

Game seed: 18364962955080842484

16261 Laraso the Bludgeoner (level 12, -1/100 HPs)
             Began as an Armataur Berserker on Apr 27, 2023.
             Was an Elder of Trog.
             Slain by a catoblepas (23 damage)
             ... on level 3 of the Lair of Beasts.
             The game lasted 00:13:29 (12474 turns).

Laraso the Bludgeoner (Armataur Berserker)         Turns: 12474, Time: 00:13:30

Health: -1/100     AC:  9    Str: 28    XL:     12   Next: 8%
Magic:  0/12       EV: 11    Int:  8    God:    Trog [****..]
Gold:   452        SH:  5    Dex: 18    Spells: 11/11 levels left

rFire   . . .        a - +5 morningstar
rCold   + . .        B - +0 buckler
rNeg    . . .        J - +2 leather armour {rC+}
rPois   .            y - +0 helmet
rElec   .            I - scarf "Zoagu" {harm, Fly Dex+3}
rCorr   .            (no gloves)
SInv    .            (no barding)
Will    +....        n - amulet of guardian spirit
Stlth   +            q - +6 ring of dexterity
HPRegen 0.36/turn    x - ring of willpower
MPRegen 0.13/turn

%: harm (+30% outgoing, +20% incoming), guardian spirit, roll
@: flying
A: large, rugged brown scales 3, deformed body, armoured tail, roll, long
tongue, awkward tongue
a: Renounce Religion, Berserk, Trog's Hand, Brothers in Arms


You were on level 3 of the Lair of Beasts.
You worshipped Trog.
Trog was greatly pleased with you.
You visited 2 branches of the dungeon, and saw 12 of its levels.
You also visited: Ossuary.

You collected 672 gold pieces.
You spent 220 gold pieces at shops.

Inventory:

Hand Weapons
 a - a +5 morningstar (weapon)
Missiles
 F - 4 throwing nets (quivered)
Armour
 y - a +0 helmet (worn)
 B - a +0 buckler (worn)
 I - the scarf "Zoagu" (worn) {harm, Fly Dex+3}
   (You bought it in a shop on level 4 of the Dungeon)

   Dex:       It affects your dexterity (+3).
   Fly:       It grants you flight.
 J - a +2 leather armour of cold resistance (worn)
Jewellery
 n - an amulet of guardian spirit (around neck)
 q - a +6 ring of dexterity (left hand)
 x - a ring of willpower (right hand)
Wands
 A - a wand of mindburst (16)
 D - a wand of iceblast (22)
 E - a wand of paralysis (1)
 K - a wand of light (11)
Scrolls
 b - a scroll of torment {unknown}
 i - a scroll of teleportation
 j - a scroll of silence {unknown}
 m - 2 scrolls of enchant weapon
 p - 4 scrolls of magic mapping
 r - a scroll of fear
 t - 2 scrolls of fog
 v - 4 scrolls of immolation
 w - a scroll of enchant armour {unknown}
 C - a scroll of butterflies {unknown}
 G - a scroll of noise {unknown}
 H - a scroll of acquirement {unknown}
 M - 2 scrolls of poison {unknown}
Potions
 c - 6 potions of heal wounds
 d - 12 potions of curing
 e - a potion of mutation
 f - a potion of resistance {unknown}
 g - 3 potions of magic
 h - 4 potions of attraction
 k - 2 potions of haste {unknown}
 l - a potion of ambrosia {unknown}
 o - 3 potions of might
 s - a potion of flight {unknown}
 u - 5 potions of lignification
 z - 3 potions of invisibility
 L - a potion of degeneration {unknown}


   Skills:
 - Level 5.0 Fighting
 * Level 15.5 Maces & Flails
 - Level 9.0 Armour
 - Level 4.0 Dodging
 - Level 4.0 Shields


You had 11 spell levels left.
You didn't know any spells.
Your spell library was empty.

Dungeon Overview and Level Annotations

Branches:
Dungeon (9/15)             Temple (0/1) D:5            Lair (3/5) D:8
 Shoals (0/4) Lair:2      Ossuary (visited)
  Snake: Lair:2-3    Spider: Lair:2-3       Orc: D:9-12

Altars:
Fedhas
Yredelemnul
The Shining One

Shops:
D:4 [   D:6 [

Portals:
Abyss: Lair:1

Annotations:
D:5 2 transporters, Esekla's ghost, amateur OpDe
Lair:1 2 transporters, hwolsky's ghost, journeyman MiFi


Innate Abilities, Weirdness & Mutations

You are completely covered in rugged brown scales. (AC +3, +7% HP)
Armour fits poorly on your strangely shaped body.
You have a long armoured tail.
You roll when moving toward enemies. (Rampage)
Your long tongue fully drains potion bottles. (2x potion effects)
Your tongue gives you trouble enunciating. (1.5x scroll delay)


Message History

The catoblepas is lightly wounded.
The catoblepas breathes a plume of calcifying dust at you.
The blast of calcifying dust hits you!
You barely miss the catoblepas.
The catoblepas is lightly wounded.
You are engulfed in calcifying dust.
You are slowing down.
You block the catoblepas's attack.
The catoblepas attacks as you move away!
You block the catoblepas's attack.
Your limbs are stiffening.
Unknown command.
You hit the catoblepas but do no damage.
You tail-slap the catoblepas.
The catoblepas is lightly wounded.
The catoblepas breathes a plume of calcifying dust at you.
The blast of calcifying dust hits you!
You have turned to stone.
You are engulfed in calcifying dust.
The catoblepas gores you!
You are engulfed in calcifying dust.
The catoblepas gores you.
You are engulfed in calcifying dust.
The catoblepas gores you!
You are engulfed in calcifying dust.
The catoblepas gores you!!
You are engulfed in calcifying dust.
The catoblepas gores you but does no damage.
You are engulfed in calcifying dust.
The catoblepas gores you!!
The catoblepas gores you but does no damage.
The catoblepas breathes a plume of calcifying dust at you.
The blast of calcifying dust hits you but does no damage.
You are engulfed in calcifying dust.
The catoblepas gores you!!
You are engulfed in calcifying dust.
The catoblepas gores you!
You turn to flesh and can move again.
The catoblepas breathes a plume of calcifying dust at you.
The blast of calcifying dust hits you.
Unknown command.
Unknown command.
The catoblepas gores you!
* * * LOW HITPOINT WARNING * * *
Unknown command.
You bludgeon the catoblepas!!
The catoblepas is moderately wounded.
The catoblepas gores you!!
You die...

......##....⌠....####
....##....##.#...#.
....#....######.§.##
........########§..### #
..##.....#....#.§..#.#.#
+..............§......#
#⌠.....⌠..>..⌠.§...⌠#
+............§.§....+
#.#.....#.....#@§..###
####...#####.###Y..#
#... ####...## ##..
#...## .## ....#. .....
# ..<..#. ..#....
.......


You could see a catoblepas.

Vanquished Creatures
  A minotaur (Lair:2)
  A hydra (Lair:3)
  A two-headed ogre (D:9)
  Pikel (D:7)
  2 black mambas
  A merfolk siren (Lair:2)
  4 cane toads
  A smoke demon (D:9)
  3 komodo dragons (Lair:2)
  An ice devil (D:9)
  3 red devils (D:9)
  A troll (D:9)
  2 merfolk (Lair:2)
  A hornet (D:6)
  Sigmund (D:3)
  A vampire (D:9)
  A shadow (D:9)
  4 wyverns
  19 yaks
  Eustachio (D:4)
  3 basilisks (Lair:1)
  2 steam dragons (D:8)
  A chaos spawn (D:9)
  Menkaure (D:5)
  Edmund (D:5)
  8 water moccasins
  An orc warrior (D:9)
  2 black bears (D:4)
  An ogre (D:6)
  3 centaurs
  A lemure (D:7)
  2 phantoms
  A kobold brigand (D:8)
  Blork the orc (D:5)
  4 bullfrogs
  5 scorpions
  16 wights
  3 killer bees (D:8)
  An electric eel (Lair:2)
  2 hounds
  A quasit (D:9)
  Crazy Yiuf (D:6)
  A gnoll bouda (D:6)
  2 orc priests
  4 jellies
  A sleepcap (D:6)
  Ijyb (D:5)
  4 iguanas
  3 orc wizards (D:9)
  3 mummies (Ossuary)
  3 gnolls
  7 adders
  2 shadow imps (D:8)
  2 white imps (D:5)
  2 adder zombies (Ossuary)
  3 dart slugs
  15 orcs
  3 bats
  11 endoplasms
  A giant cockroach (D:3)
  6 goblins
  4 hobgoblins
  4 jackals (D:3)
  12 kobolds
  A quokka (D:2)
  5 ball pythons
  2 frilled lizards
  4 goblin zombies (Ossuary)
  4 hobgoblin zombies (Ossuary)
  5 kobold zombies (Ossuary)
  An orc zombie (Ossuary)
  A quokka zombie (Ossuary)
  10 rats
  A rat zombie (Ossuary)
239 creatures vanquished.

Vanquished Creatures (others)
  3 demonic plants (D:9)
  10 fungi (Lair:2)
  3 plants (Lair:2)
16 creatures vanquished.

Grand Total: 255 creatures vanquished

Notes
Turn   | Place    | Note
-------+----------+-------------------------------------------
     0 | D:1      | Laraso the Armataur Berserker began the quest for the Orb.
     0 | D:1      | Reached XP level 1. HP: 19/19 MP: 1/1
    22 | D:1      | Found a faded altar of an unknown god.
   189 | D:1      | Reached skill level 3 in Maces & Flails
   216 | D:1      | Reached XP level 2. HP: 26/26 MP: 2/2
   975 | D:2      | Found a basalt altar of Yredelemnul.
  1225 | D:2      | Reached XP level 3. HP: 29/32 MP: 3/3
  1498 | D:3      | Reached ** piety under Trog
  1539 | D:3      | Reached skill level 4 in Maces & Flails
  1592 | D:3      | Noticed Sigmund
  1602 | D:3      | Killed Sigmund
  1603 | D:3      | Reached skill level 5 in Maces & Flails
  1603 | D:3      | Reached XP level 4. HP: 39/39 MP: 2/4
  1603 | D:3      | Reached XP level 5. HP: 44/44 MP: 2/5
  1815 | D:3      | Reached skill level 6 in Maces & Flails
  1936 | D:3      | Noticed a phantom
  1954 | D:3      | Killed a phantom
  1955 | D:3      | Reached XP level 6. HP: 44/53 MP: 4/6
  2116 | D:3      | Found a blossoming altar of Fedhas.
  2147 | D:4      | Found Gypyr's Antique Armour Shoppe.
  2166 | D:4      | Reached skill level 7 in Maces & Flails
  2213 | D:4      | Reached XP level 7. HP: 45/59 MP: 7/7
  2436 | D:4      | Noticed Eustachio
  2456 | D:4      | Killed Eustachio
  2457 | D:4      | Reached skill level 8 in Maces & Flails
  2924 | D:5      | Entered Level 5 of the Dungeon
  2985 | D:5      | Found a transporter.
  2985 | D:5      | Noticed Esekla's ghost (amateur OpDe)
  3173 | D:5      | Noticed Blork the orc
  3177 | D:5      | Killed Blork the orc
  3178 | D:5      | Reached skill level 1 in Shields
  3178 | D:5      | Reached XP level 8. HP: 66/66 MP: 8/8
  3282 | D:5      | Found a transporter.
  3318 | D:5      | Found a staircase to the Ecumenical Temple.
  3515 | D:5      | Reached skill level 9 in Maces & Flails
  3872 | D:5      | Noticed Edmund
  3881 | D:5      | Killed Edmund
  3969 | D:5      | Noticed Menkaure
  3977 | D:5      | Killed Menkaure
  4243 | D:5      | Reached skill level 10 in Maces & Flails
  4329 | D:5      | Noticed Ijyb
  4338 | D:5      | Killed Ijyb
  4714 | D:6      | Noticed a hornet
  4723 | D:6      | Killed a hornet
  4724 | D:6      | Reached XP level 9. HP: 72/72 MP: 9/9
  4799 | D:6      | Found Voixoc's Armour Shop.
  4881 | D:5      | Reached skill level 11 in Maces & Flails
  5096 | D:6      | Reached *** piety under Trog
  5449 | D:6      | Found a runed translucent door.
  5450 | D:6      | Noticed Crazy Yiuf
  5578 | D:6      | Killed Crazy Yiuf
  5781 | D:4      | Bought a translucent scarf for 220 gold pieces
  5781 | D:4      | Identified the scarf "Zoagu" {harm, Fly Dex+3} (You bought
                  | it in a shop on level 4 of the Dungeon)
  5864 | D:7      | Found a glowing golden altar of the Shining One.
  6001 | D:7      | Noticed Pikel
  6012 | D:7      | Killed Pikel
  6013 | D:7      | Reached skill level 12 in Maces & Flails
  6213 | D:8      | Found a staircase to the Lair.
  6431 | D:8      | Reached XP level 10. HP: 72/79 MP: 8/10
  6468 | D:8      | Reached skill level 13 in Maces & Flails
  6808 | D:8      | Found a sand-covered staircase.
  6817 | Ossuary  | Entered an ossuary
  7073 | Ossuary  | Reached **** piety under Trog
  7446 | D:9      | Reached skill level 14 in Maces & Flails
  7770 | D:9      | Reached skill level 5 in Armour
  8087 | D:9      | Reached XP level 11. HP: 89/90 MP: 11/11
  8107 | D:9      | Noticed a two-headed ogre
  8114 | D:9      | Killed a two-headed ogre
  8115 | D:9      | Reached skill level 5 in Fighting
  9008 | Lair:1   | Entered Level 1 of the Lair of Beasts
  9046 | Lair:1   | Identified the +5 hand axe of Uberphaf {flame, Int+2}
  9097 | Lair:1   | Reached ***** piety under Trog
  9358 | Lair:1   | Found a transporter.
  9361 | Lair:1   | Found a transporter.
  9466 | Lair:1   | Noticed a hell hog
  9467 | Lair:1   | Noticed a spriggan rider
  9469 | Lair:1   | Noticed hwolsky's ghost (journeyman MiFi)
  9470 | Lair:1   | Found a one-way gate to the infinite horrors of the Abyss.
  9485 | Lair:1   | Noticed a rakshasa
  9509 | Lair:1   | Identified the +4 dagger "Juuf" {heavy, rCorr}
  9902 | Lair:1   | Noticed a green ugly thing
  9905 | Lair:1   | Noticed a green ugly thing
  9931 | Lair:1   | Noticed a purple ugly thing
 10243 | Lair:2   | Found a staircase to the Shoals.
 11525 | Lair:2   | Found a runed translucent door.
 11633 | Lair:2   | Noticed a minotaur
 11641 | Lair:2   | Killed a minotaur
 11642 | Lair:2   | Reached skill level 15 in Maces & Flails
 12291 | Lair:3   | Noticed a seven-headed hydra
 12303 | Lair:3   | Killed a seven-headed hydra
 12304 | Lair:3   | Reached XP level 12. HP: 100/100 MP: 8/12
 12456 | Lair:3   | Noticed a catoblepas
 12474 | Lair:3   | Slain by a catoblepas

Illustrated notes

Levels and vault maps discovered:
D:1:      shiori_arrival_elements, layout_loops_ring, basic_ecumenical_altar
D:2:      layout_basic, basic_altar
D:3:      layout_basic, fedhas_altar_fruit_tree, grunt_decor_one_mirror,
          uniq_sigmund
D:4:      layout_cave_pools, serial_shops, nicolae_shop_behind_doors,
          uniq_eustachio
D:5:      layout_basic, minmay_temple_entry_junction, gammafunk_ghost_arena,
          chequers_avenue, uniq_edmund, uniq_blork_the_orc, uniq_menkaure,
          uniq_ijyb
D:6:      layout_rooms, serial_shops, nicolae_diamond_shop, serial_corexii_hall,
          corexii_hall_statues_t, chequers_hall_statues_wall_a,
          uniq_crazy_yiuf_cottage
D:7:      layout_rooms, tso_oasis_becter, corexii_item_surrounded_by_moat,
          uniq_pikel
D:8:      cheibrodos_steamvent, layout_basic, lair_entry_dummy, enter_ossuary_1
D:9:      layout_small_grid, serial_demonic, serial_demonic_g, serial_demonic_a,
          serial_demonic_g, serial_demonic_d
Lair:1:   layout_regular_city, gammafunk_ghost_abyssal_escape,
          grunt_megastairs_1
Lair:2:   dreamdust_labyrinth, layout_cave_pods, elwin_shoals_entry_rooms
Lair:3:   layout_hall_layers, nicolae_snake_entry_warm_welcome,
          grunt_megastairs_5, infiniplex_staircase_pool

Skill      XL: |  1  2  3  4  5  6  7  8  9 10 11 |
---------------+----------------------------------+-----
Maces & Flails | 3 5 6 7 8 10 12 14 15 | 15.5
Shields        | 1 4 |  4.0
Fighting       | 4 5 |  5.0
Armour         | 5 9 |  9.0
Dodging        | 3 4 |  4.0

Action                     |  1- 3 |  4- 6 |  7- 9 | 10-12 || total
---------------------------+-------+-------+-------+-------++-------
  Melee: Flail             |    85 |    48 |   196 |       ||   329
         Mace              |     6 |       |       |       ||     6
         Tailslap          |     7 |     7 |    43 |    55 ||   112
         Morningstar       |       |       |    92 |   318 ||   410
 Invoke: Berserk           |     1 |     1 |     7 |     4 ||    13
         Trog's Hand       |     1 |       |     1 |       ||     2
    Use: Scroll            |       |     6 |     6 |     5 ||    17
         Potion            |       |       |       |     2 ||     2
   Stab: Sleeping          |     1 |     1 |     1 |     1 ||     4
 Armour: Animal skin       |    34 |     4 |       |       ||    38
         Ring mail         |       |    25 |    83 |    57 ||   165
         Leather armour    |       |       |       |    21 ||    21
  Dodge: Dodged            |    36 |    32 |   104 |    89 ||   261
  Block: Buckler           |       |       |    38 |    51 ||    89

Table legend: (Time is in decaauts)
 A = Elapsed time spent in this place.
 B = Non-inter-level travel time spent in this place.
 C = Inter-level travel time spent in this place.
 D = Time resting spent in this place.
 E = Time spent auto-exploring this place.
 F = Levels seen in this place.
 G = Mean time per level.
                   A        B        C        D        E       F      G
               +--------+--------+--------+--------+--------+-----+--------+
         Total |  12533 |  12092 |    441 |   2876 |   7394 |  13 |  964.1 |
       Dungeon |   8794 |   8409 |    385 |   1500 |   5546 |   9 |  977.1 |
          Lair |   3452 |   3396 |     56 |   1222 |   1783 |   3 | 1150.7 |
       Ossuary |    286 |    286 |      0 |    154 |     65 |   1 |  286.0 |
               +--------+--------+--------+--------+--------+-----+--------+

Top non-repeatable levels by time:
  Lair:2: 2259 daAuts
     D:5: 1773 daAuts
     D:9: 1580 daAuts
  Lair:1: 1127 daAuts
     D:6: 1034 daAuts
     D:8: 912 daAuts
     D:4: 840 daAuts
     D:3: 800 daAuts
     D:2: 728 daAuts
     D:1: 672 daAuts
     D:7: 451 daAuts
 Ossuary: 286 daAuts
  Lair:3: 65 daAuts
